Map: Ultralove

Players

Cure - Winner!

  • Race: Terran Terran
  • Spawn Location: 7:00

Rogue

  • Race: Zerg Zerg
  • Spawn Location: 1:00

Event: Esports World Cup 2025

VOD

Have the link to the VOD?

Description

Time

  • Played on: July 24, 2025, 6:44 a.m.
  • Length: 10:51

All games in this series

Show
View Real Time Build Order
Export as new Build Order

Cure Terran - Winner!

Build Orders: Reaper Expand, Banshee Rush 

Get SALT Encoding   

  12  0:00  SCV  
  13  0:12  SCV  
  14  0:16  Supply Depot  
  14  0:24  SCV  
  15  0:38  SCV  
  15  0:39  Barracks  
  16  0:42  Refinery  
  16  0:50  SCV  
  17  1:02  SCV  
  18  1:14  SCV  
  19  1:26  Orbital Command, Reaper  
  20  1:37  Command Center  
  20  1:44  Supply Depot  
  20  1:52  SCV  
  21  1:58  Marine  
  22  2:04  SCV  
  22  2:07  Factory  
  23  2:16  Marine, SCV  
  25  2:28  SCV  
  26  2:34  Command Center  
  26  2:35  Barracks Reactor  
  26  2:40  SCV  
  27  2:48  Orbital Command  
  27  2:53  SCV  
  28  2:59  Starport  
  28  3:05  SCV  
  29  3:10  Refinery  
  29  3:15  SCV  
  29  3:16  Hellion  
  29  3:17  Hellion, SCV  
  35  3:21  Barracks Tech Lab  
  35  3:27  SCV  
  35  3:29  SCV  
  37  3:38  Hellion x2  
  37  3:39  SCV  
  43  3:41  SCV  
  43  3:46  Banshee, Orbital Command  
  46  3:51  SCV  
  46  3:53  SCV  
  46  3:54  Supply Depot  
  48  3:57  Cloaking Field  
  48  4:03  SCV  
  48  4:05  SCV  
  54  4:12  Refinery  
  54  4:13  Refinery  
  53  4:17  SCV x3  
  53  4:22  Supply Depot  
  56  4:24  Barracks Tech Lab  
  56  4:29  Banshee  
  55  4:31  Barracks  
  55  4:33  Barracks  
  55  4:34  Orbital Command, SCV x2  
  55  4:37  Factory Reactor  
  57  4:45  Supply Depot  
  57  4:46  Engineering Bay, SCV  
  57  4:47  Engineering Bay, SCV  
  57  4:48  Marine  
  57  4:52  Stimpack  
  60  4:58  SCV  
  60  4:59  SCV  
  62  5:01  SCV  
  62  5:06  Marine  
  64  5:10  Supply Depot  
  64  5:11  SCV x2  
  64  5:13  SCV  
  67  5:20  Barracks  
  67  5:21  Terran Infantry Armor Level 1, Terran Infantry Weapons Level 1  
  67  5:24  Barracks, Marine x3  
  67  5:26  Starport Reactor, Siege Tank  
  67  5:27  Marine  
  74  5:31  SCV x2  
  74  5:32  SCV  
  74  5:34  Supply Depot  
  74  5:35  Marine  
  76  5:43  SCV  
  76  5:44  Marine x3, SCV x2  
  82  5:54  Missile Turret  
  82  5:55  SCV  
  82  5:56  SCV x2  
  81  6:04  Marine x5  
  81  6:08  SCV x3  
  81  6:09  Barracks Reactor  
  77  6:11  Medivac x2  
  77  6:13  Marine  
  82  6:22  Marine x2  
  82  6:25  Siege Tank, Armory  
  84  6:26  SCV x3  
  84  6:29  Refinery  
  84  6:31  Combat Shield  
  87  6:34  Marine x3  
  87  6:38  Barracks Reactor  
  90  6:40  Marine, SCV x3  
  90  6:41  Refinery  
  90  6:42  Supply Depot  
  90  6:45  Medivac  
  90  6:46  Medivac  
  98  6:47  Marine x2  
  100  6:54  Barracks  
  100  6:56  Barracks  
  100  6:58  Barracks  
  100  7:00  SCV  
  101  7:06  Supply Depot  
  101  7:07  Marauder, Marine x4  
  109  7:11  Marine x2  
  109  7:14  Supply Depot x2  
  109  7:25  Supply Depot  
  109  7:27  Siege Tank, SCV, Medivac x2  
  117  7:35  Marauder, Marine x3, SCV x2  
  117  7:36  Terran Infantry Armor Level 2, Terran Infantry Weapons Level 2  
  124  7:39  SCV  
  125  7:46  Barracks Tech Lab x3  
  125  7:47  Marine x2  
  125  7:48  Marine x2  
  129  7:53  Marine x2  
  129  7:57  Marauder, Supply Depot  
  129  7:58  Supply Depot  
  133  7:59  Siege Tank  
  133  8:05  Marauder x2, Marine  
  141  8:08  Concussive Shells  
  141  8:13  Supply Depot x2  
  141  8:18  Marauder x2, Marine x4  
  141  8:19  Marine  
  150  8:21  Supply Depot  
  150  8:26  Marauder, Medivac x2  
  156  8:29  Marine  
  157  8:34  Marine x2  
  157  8:35  Marauder, Siege Tank  
  157  8:36  Marine x3  
  157  8:40  Marauder x2  
  171  8:43  Supply Depot  
  171  8:44  Supply Depot, Marine x2  
  171  8:45  Supply Depot  
  171  8:48  Marauder  
  175  8:56  Marauder  
  175  8:58  Medivac x2  
  180  9:05  Marine x5  
  180  9:06  Marauder x2  
  180  9:07  Siege Tank  
  187  9:12  Marauder, Marine x3  
  192  9:18  Marauder  
  192  9:23  Marine x3  
  189  9:27  Marauder x2, Marine x2  
  189  9:28  Liberator x2  
  185  9:31  Marine x2  
  185  9:34  Marauder  
  174  9:39  Marauder, Marine  
  175  9:46  Siege Tank  
  175  9:48  Marauder x2, Marine x2  
  184  9:58  Orbital Command  
  177  10:12  Supply Depot  
  177  10:13  Supply Depot x2  
  174  10:14  Supply Depot  
Show
View Real Time Build Order
Export as new Build Order

Rogue Zerg 

Build Orders: Hatch First 

Get SALT Encoding   

  12  0:00  Drone  
  13  0:07  Drone  
  14  0:14  Drone, Extractor  
  15  0:34  Hatchery  
  14  0:40  Drone, Extractor  
  15  0:46  Overlord  
  15  1:02  Spawning Pool  
  14  1:04  Drone  
  14  1:07  Drone  
  14  1:11  Drone  
  17  1:16  Drone  
  18  1:24  Extractor  
  17  1:26  Drone  
  18  1:36  Drone  
  19  1:48  Drone, Queen  
  19  1:51  Queen  
  19  1:52  Drone  
  25  1:57  Drone  
  25  2:00  Overlord  
  26  2:08  Drone  
  26  2:10  Drone  
  28  2:22  Spore Crawler  
  27  2:23  Drone  
  27  2:26  Queen  
  27  2:27  Queen  
  33  2:33  Overlord  
  33  2:35  Drone  
  34  2:38  Drone  
  34  2:40  Drone  
  36  2:52  Overlord  
  36  2:53  Drone x2  
  38  3:02  Drone x3  
  38  3:03  Lair  
  41  3:06  Drone  
  41  3:07  Drone  
  41  3:12  Overlord  
  43  3:13  Drone  
  43  3:18  Drone  
  45  3:23  Roach Warren  
  45  3:26  Drone x2  
  46  3:28  Drone  
  47  3:34  Drone  
  47  3:35  Drone x3  
  47  3:36  Drone, Extractor  
  47  3:37  Extractor  
  50  3:48  Hatchery  
  49  3:51  Extractor  
  49  3:55  Drone x2  
  50  3:56  Drone x2  
  50  3:57  Evolution Chamber  
  50  4:00  Drone  
  52  4:04  Drone, Glial Reconstitution  
  52  4:05  Overseer  
  53  4:12  Overlord  
  53  4:16  Roach  
  59  4:17  Roach x2  
  59  4:18  Overlord  
  59  4:21  Overlord  
  59  4:26  Overlord  
  59  4:29  Overlord  
  59  4:34  Infestation Pit  
  59  4:36  Roach  
  60  4:38  Spore Crawler  
  60  4:39  Spore Crawler  
  60  4:43  Drone  
  60  4:44  Drone  
  60  4:45  Roach  
  62  4:47  Roach  
  62  4:48  Overseer  
  64  4:53  Roach  
  64  4:54  Roach  
  64  4:56  Roach  
  70  5:01  Roach x2  
  70  5:04  Roach  
  70  5:06  Roach  
  78  5:13  Drone x3  
  81  5:15  Drone  
  81  5:16  Drone  
  81  5:17  Overlord  
  81  5:21  Roach  
  85  5:22  Drone  
  85  5:25  Drone x2  
  88  5:29  Drone  
  88  5:34  Spore Crawler  
  88  5:39  Drone x5  
  88  5:40  Drone x2  
  95  5:47  Zerg Ground Armor Level 1  
  95  5:49  Drone x2  
  97  5:50  Extractor x2  
  97  5:53  Drone x3  
  97  5:54  Drone  
  99  5:59  Drone x2  
  99  6:02  Drone x2  
  103  6:05  Hive  
  103  6:07  Drone x2  
  97  6:11  Infestor x2  
  97  6:14  Infestor  
  101  6:18  Infestor  
  101  6:23  Evolution Chamber  
  102  6:28  Metabolic Boost  
  102  6:29  Hatchery  
  101  6:35  Roach x4  
  101  6:36  Overlord  
  101  6:39  Roach  
  109  6:41  Overlord  
  107  6:47  Drone x6  
  107  6:49  Ravager  
  114  6:55  Overlord, Roach  
  114  6:56  Zergling x6, Overlord  
  114  6:58  Zerg Melee Weapons Level 1  
  119  7:01  Overlord  
  119  7:03  Drone x2  
  119  7:06  Overlord  
  121  7:09  Overlord  
  121  7:12  Overlord  
  121  7:13  Ravager  
  122  7:15  Extractor  
  122  7:16  Zergling x2  
  122  7:18  Extractor, Roach  
  122  7:19  Roach  
  122  7:20  Ravager x2  
  127  7:28  Zergling x6  
  130  7:33  Ultralisk Cavern  
  130  7:34  Drone x3  
  130  7:35  Drone x2  
  134  7:39  Hatchery  
  134  7:43  Infestor x3  
  135  7:46  Drone x2, Spore Crawler  
  132  7:55  Zergling x8  
  136  8:04  Zergling x16  
  136  8:05  Adrenal Glands  
  141  8:06  Zerg Ground Armor Level 2  
  141  8:12  Drone  
  142  8:13  Spore Crawler  
  142  8:19  Chitinous Plating  
  141  8:24  Drone  
  141  8:25  Drone x5  
  143  8:32  Ultralisk  
  149  8:41  Ultralisk  
  149  8:43  Zergling x16  
  163  8:50  Ultralisk  
  169  8:55  Zergling x2  
  169  8:56  Zergling x12  
  169  9:07  Ultralisk  
  169  9:08  Zergling x4  
  169  9:09  Zergling x2  
  161  9:13  Ravager x4  
  161  9:14  Zergling x2, Ravager  
  161  9:15  Zergling x10  
  170  9:23  Zergling x2  
  170  9:24  Zergling x14  
  166  9:33  Ultralisk  
  166  9:34  Zergling x2  
  166  9:35  Zergling x6  
  168  9:39  Anabolic Synthesis  
  168  9:44  Drone x5  
  167  9:58  Zergling x2  
  166  10:01  Zergling x6  
  161  10:09  Ultralisk  
  161  10:10  Overlord  
  161  10:12  Overlord  
  163  10:18  Spore Crawler  
  168  10:21  Overlord  
  145  10:31  Zergling x2  
  145  10:33  Zergling x2  
  145  10:34  Zergling x2  
Tags
 
Add a new tag
Caveats
  • Supply blocks, unpowered buildings, or Contaminate may cause inaccurate times.
  • Supply counts are checked every 10 seconds.